 Dungeon Crawl Stone Soup version 0.29.0-11-gd7f09526c8 (webtiles) character file.

Game seed: 6520498038530507709

2 SolCadguy the Insei (level 1, -1/17 HPs)
             Began as a Djinni Transmuter on Sept 3, 2022.
             Slain by a hobgoblin
             ... wielding a +0 whip
              (4 damage)
             ... on level 1 of the Dungeon.
             The game lasted 00:00:14 (17 turns).

SolCadguy the Insei (Djinni Transmuter)               Turns: 17, Time: 00:00:15

Health: -1/17      AC:  2    Str:  9    XL:     1   Next: 44%
Gold:   0          EV: 12    Int: 14    God:
                   SH:  0    Dex: 13

rFire   + + .      SeeInvis .     - Unarmed
rCold   x . .      Faith    .   (no shield)
rNeg    . . .      Spirit   .   a - +0 robe
rPois   ∞          Reflect  .   (helmet currently unavailable)
rElec   .          Harm     .   (no cloak)
rCorr   .          Rampage  .   (no gloves)
Will    .....                   (boots unavailable)
Stlth   +.........              (no amulet)
HPRegen 0.05/turn               (no ring)
MPRegen 0.00/turn               (no ring)

@: appendages (expiring), flying
A: horns 2, flying, sickness immunity, fire resistance 2, cold vulnerability 1,
float, innate caster, HP casting, extra vitality 1
a: End Transformation


You were on level 1 of the Dungeon.
You had temporarily grown beastly horns.
You visited 1 branch of the dungeon, and saw 1 of its levels.

Inventory:

Hand Weapons
 c - a +0 dagger
Armour
 a - a +0 robe (worn)
Potions
 b - a potion of lignification


   Skills:
 - Level 1.0 Fighting
 - Level 2.1 Dodging
 + Level 3.2 Unarmed Combat
 - Level 1.5 Spellcasting


You couldn't memorise any spells.
You knew the following spells:

 Your Spells              Type           Power      Damage    Failure   Level
a - Beastly Appendage     Tmut           10%        N/A       13%         1
b - Wereblood             Tmut           5%         N/A       21%         2
c - Spider Form           Tmut/Pois      5%         N/A       36%         3
d - Ice Form              Ice/Tmut       5%         N/A       78%         4
Your spell library was empty.

Dungeon Overview and Level Annotations

Branches:
Dungeon (1/15)

Altars:


Innate Abilities, Weirdness & Mutations

You have temporarily grown beastly horns.
You are flying.
You are immune to sickness and miasma.
You are immune to poison.
Your flesh is very heat resistant. (rF++)
You are vulnerable to cold. (rC-)
You float through the air rather than walking.
You learn spells naturally, not from books.
Your magical power is your life essence.
You have superior vitality. (+4 MHP)


Message History

Welcome, SolCadguy the Djinni Transmuter.
Are you destined to find the fantabulous Orb of Zot, or to die trying?
Press ? for a list of commands and other information.
Found an escape hatch in the floor.
Found a staircase leading out of the dungeon.
You begin with the following spells memorised: Beastly Appendage, Wereblood, Spider Form, Ice Form.
A goblin comes into view. It is wielding a +0 dagger.
Found a ring mail.
The goblin shouts!
You hear a shout!
Cast which spell? (? or * to list)
You miscast Beastly Appendage.
You are very lightly contaminated with residual magic.
Nothing appears to happen.
Casting: Beastly Appendage (safe; 13% risk of failure)
Confirm with . or Enter, or press ? or * to list all spells.
You grow a pair of large bovine horns.
A hobgoblin comes into view.
The hobgoblin shouts!
The goblin hits you with a +0 dagger.
You hit the goblin.
You kill the goblin!
Your transformation is almost over.
Things that are here:
a +0 dagger; a goblin corpse You barely miss the hobgoblin.
You headbutt the hobgoblin.
You kill the hobgoblin!
A hobgoblin comes into view. It is wielding a +0 whip.
The hobgoblin shouts!
Your magical contamination has completely faded away.
Things that are here:
a +0 dagger; a goblin corpse
c - a +0 dagger The hobgoblin hits you with a +0 whip!
* * * LOW HITPOINT WARNING * * *
You closely miss the hobgoblin. The hobgoblin hits you with a +0 whip.
You die...

### # #.. . ### #.#
.# P ..# #.##.##.P
#.. #.# #.#.?...P
...#####.####.g..#..P
............†@......+
..........###....#..#
...........##....[..#
#..⌠......######.##
..#.........# #
......><.∩..#
.##.........#
#..⌠......#
#........##


You could see a hobgoblin.

Vanquished Creatures
  A goblin (D:1)
  A hobgoblin (D:1)
2 creatures vanquished.

Notes
Turn   | Place    | Note
-------+----------+-------------------------------------------
     0 | D:1      | SolCadguy the Djinni Transmuter began the quest for the
                  | Orb.
     0 | D:1      | SolCadguy set off with the following spells memorised:
                  | Beastly Appendage, Wereblood, Spider Form, Ice Form.
     0 | D:1      | Reached XP level 1. HP: 17/17 MP: 0/0
    17 | D:1      | Slain by a hobgoblin

Illustrated notes

Levels and vault maps discovered:
D:1:      wander_arrival_desolate, layout_loops_corners, minmay_hedge_maze

Action                   || total
-------------------------++-------
Melee: Unarmed           ||     3
       Headbutt          ||     1
 Cast: Beastly Appendage ||     1
